 Dungeon Sprint DCSS version 0.13-a0-2484-gc765b08 (webtiles) character file.

1453 Rycklaryybbe the Unseen (level 8, -1/44 HPs)
             Began as a Gargoyle Assassin on July 20, 2013.
             Was an Initiate of Fedhas.
             Slain by a deep troll (7 damage)
             ... in the Dungeon (Sprint I: "Red Sonja").
             The game lasted 00:02:38 (665 turns).

Rycklaryybbe the Unseen (Gargoyle Assassin)          Turns: 665, Time: 00:02:39

HP  -1/44        AC 11     Str 16      XL: 8   Next: 19%
MP   7/7         EV 11     Int 11      God: Fedhas [......]
Gold 455         SH  0     Dex 13      Spells:  0 memorised,  7 levels left

Res.Fire  : . . .   See Invis. : .   i - +0 dagger (distort)
Res.Cold  : . . .   Warding    : .   c - +0 robe
Life Prot.: + . .   Conserve   : .   (no shield)
Res.Poison: +       Res.Corr.  : .   (no helmet)
Res.Elec. : +       Clarity    : .   d - +0 cloak
Sust.Abil.: . .     Spirit.Shd : .   (no gloves)
Res.Mut.  : .       Prev.Telep.: +   (no boots)
Res.Rott. : +       Flight     : .   (no amulet)
Saprovore : . . .                    (no ring)
                                     (no ring)

@: slightly resistant to hostile enchantments, extraordinarily stealthy
A: fangs 1, talons 2, life protection 1, electricity resistance, slow metabolism
1, unbreathing, petrification resistance, AC +8
a: Renounce Religion


You were in the Dungeon.
You worshipped Fedhas.
Fedhas was noncommittal.
You were not hungry.

You visited 1 branch You collected 405 gold pieces.

Inventory:

Hand weapons
 a - a +2,+2 dagger {=f}
 b - a +0 blowgun
 i - a +0,+0 dagger of distortion (weapon)
Missiles
 e - 8 poisoned needles
 f - 7 curare-tipped needles
Armour
 c - a +0 robe (worn)
 d - a +0 cloak (worn)
Comestibles
 g - a bread ration
Scrolls
 m - a scroll of blinking
 o - 3 scrolls of recharging {unknown}
Potions
 h - a potion of curing
 j - a potion of speed
 k - 2 potions of magic


   Skills:
 - Level 2.1 Fighting
 - Level 1.7 Short Blades
 - Level 2.0 Throwing
 - Level 0.7 Dodging
 + Level 19.2 Stealth


You had 7 spell levels left.
You didn't know any spells.

Dungeon Overview and Level Annotations

Branches:
Dungeon (1/1)

Altars:
Elyvilon
Fedhas
Kikubaaqudgha
Sif Muna
Xom
Zin
the Shining One

Shops:
D: +


Innate Abilities, Weirdness & Mutations

You are resistant to torment.
You are immune to poison.
Your stone body is very resilient (AC +8).
You have very sharp teeth.
You have razor-sharp toenails.
You resist negative energy.
You are resistant to electric shocks.
You have a slow metabolism.
You can survive without breathing.
You are immune to petrification.


Message History

You closely miss the deep troll.
You claw the deep troll, but do no damage.
The deep troll is lightly wounded.
The deep troll bites you!
* * * LOW HITPOINT WARNING * * *
The deep troll claws you.
* * * LOW HITPOINT WARNING * * *
The deep troll claws you.
* * * LOW HITPOINT WARNING * * *
You see here 11 darts of flame.
There is an open door here.
There is an open door here.
There is an open door here.
You closely miss the deep troll.
You claw the deep troll, but do no damage.
The deep troll closely misses you. The deep troll claws you.
* * * LOW HITPOINT WARNING * * *
The deep troll claws you!
You die...
Fedhas appreciates your contribution to the ecosystem.

###################
#<<#..'..#.)'..#__#
#<.%..#.@T..#..'..+
#.)#####'#####'#__#
#..####..#...#(####
#..#_.####..##.#
#..#.....##'#..+
#⌠⌠#_.∩...'..._#
####.....##_.#'#
#_._._###'#(#
#########.####+###


You could see a deep troll.

Vanquished Creatures
  A giant amoeba (D)
  Sonja (D)
  An elephant slug (D)
  An ogre (D)
  Sigmund (D)
  Ijyb (D)
  A jelly (D)
7 creatures vanquished.

Notes
Turn   | Place    | Note
--------------------------------------------------------------
     0 | D        | Rycklaryybbe, the Gargoyle Assassin, began the quest for the Orb.
     0 | D        | Reached XP level 1. HP: 12/12 MP: 0/0
     1 | D        | Noticed Ijyb
    13 | D        | Killed Ijyb
    13 | D        | Reached skill level 7 in Stealth
    13 | D        | Reached XP level 2. HP: 14/16 MP: 1/1
    53 | D        | Noticed an ogre
    63 | D        | Killed an ogre
    63 | D        | Reached skill level 11 in Stealth
    63 | D        | Reached XP level 3. HP: 16/20 MP: 2/2
    63 | D        | Reached XP level 4. HP: 20/26 MP: 3/3
   208 | D        | Noticed Sigmund
   225 | D        | Killed Sigmund
   225 | D        | Reached skill level 13 in Stealth
   225 | D        | Reached XP level 5. HP: 16/30 MP: 4/4
   255 | D        | Found a glowing silver altar of Zin.
   257 | D        | Found an ancient bone altar of Kikubaaqudgha.
   359 | D        | Found an ancient bone altar of Kikubaaqudgha.
   359 | D        | Found a glowing golden altar of the Shining One.
   359 | D        | Found an ancient bone altar of Kikubaaqudgha.
   359 | D        | Found a deep blue altar of Sif Muna.
   359 | D        | Noticed a giant amoeba
   367 | D        | Killed a giant amoeba
   367 | D        | Reached skill level 17 in Stealth
   367 | D        | Reached XP level 6. HP: 19/35 MP: 5/5
   367 | D        | Reached XP level 7. HP: 21/39 MP: 6/6
   480 | D        | Found a white marble altar of Elyvilon.
   480 | D        | Found a shimmering altar of Xom.
   480 | D        | Found Bytoti's Book Emporium.
   480 | D        | Found a white marble altar of Elyvilon.
   480 | D        | Found a glowing golden altar of the Shining One.
   480 | D        | Noticed an elephant slug
   494 | D        | Killed an elephant slug
   494 | D        | Reached skill level 18 in Stealth
   495 | D        | Found a blossoming altar of Fedhas.
   517 | D        | Became a worshipper of Fedhas Madash
   624 | D        | Noticed Sonja
   628 | D        | Killed Sonja
   628 | D        | Reached skill level 19 in Stealth
   628 | D        | Reached XP level 8. HP: 44/44 MP: 7/7
   645 | D        | Noticed a deep troll
   665 | D        | Slain by a deep troll

Action                   |  1- 3 |  4- 6 |  7- 9 || total
-------------------------+-------+-------+-------++-------
Melee: Dagger            |    10 |    21 |    17 ||    48
  Use: Potion            |     1 |       |     1 ||     2
 Stab: Sleeping          |     1 |     2 |     2 ||     5
